 Seeded DCSS version 0.30-a0-540-g0af01429fa (webtiles) character file.

Game seed: 7699610741405272615 (custom seed)

13 purpskrrrp the Sneak (level 2, 0/18 HPs)
             Began as a Kobold Brigand on Dec 25, 2022.
             Slain by a kobold
             ... wielding a +0 dagger
              (3 damage)
             ... on level 1 of the Dungeon.
             The game lasted 00:00:51 (185 turns).

purpskrrrp the Sneak (Kobold Brigand)                Turns: 185, Time: 00:00:51

Health: 0/18       AC:  2    Str:  8    XL:     2   Next: 50%
Magic:  2/2        EV: 14    Int: 12    God:
Gold:   8          SH:  0    Dex: 16    Spells: 1/1 levels left

rFire   . . .      SeeInvis .    a - +2 dagger
rCold   . . .      Faith    .    (no shield)
rNeg    . . .      Spirit   .    b - +0 robe
rPois   .          Reflect  .    (no helmet)
rElec   .          Harm     .    h - scarf {repulsion}
rCorr   .          Rampage  .    (no gloves)
Will    .....                    (no boots)
Stlth   ++++                     (no amulet)
HPRegen 0.23/turn                (no ring)
MPRegen 0.08/turn                (no ring)

@: repel missiles
A: small, no large weapons, nightstalker 3
a: no special abilities


You were on level 1 of the Dungeon.
You visited 1 branch of the dungeon, and saw 1 of its levels.

You collected 8 gold pieces.

Inventory:

Hand Weapons
 a - a +2 dagger (weapon)
Missiles
 d - 9 poisoned darts
 e - 3 curare-tipped darts
Armour
 b - a +0 robe (worn)
 c - a +0 cloak
 h - a scarf of repulsion (worn)
Scrolls
 g - a scroll of immolation {unknown}


   Skills:
 + Level 2.4 Fighting
 * Level 3.2 Short Blades
 - Level 2.2 Throwing
 + Level 1.6 Dodging
 + Level 5.5 Stealth


You had one spell level left.
You didn't know any spells.
Your spell library contained the following spells:

 Spells                   Type           Power      Damage    Failure   Level
 Shock                    Conj/Air       0%         1d3       32%         1
 Swiftness                Air            0%         N/A       69%         3
 Airstrike                Air            0%         2d(0-16)  97%         4


Dungeon Overview and Level Annotations

Branches:
Dungeon (1/15)

Altars:


Innate Abilities, Weirdness & Mutations

You are small and have problems with some larger weapons.
You are completely attuned to the shadows.


Message History

The gnoll closely misses you.
You hit the gnoll.
The gnoll is moderately wounded.
The goblin barely misses you. The kobold hits you with a +0 dagger.
The gnoll completely misses you.
You are too injured to fight recklessly!
You are too injured to fight recklessly!
You are too injured to fight recklessly!
You are too injured to fight recklessly!
You are too injured to fight recklessly!
You are too injured to fight recklessly!
You are too injured to fight recklessly!
You are too injured to fight recklessly!
You are too injured to fight recklessly!
You are too injured to fight recklessly!
You are too injured to fight recklessly!
You are too injured to fight recklessly!
You are too injured to fight recklessly!
You are too injured to fight recklessly!
You are too injured to fight recklessly!
You are too injured to fight recklessly!
You are too injured to fight recklessly!
You are too injured to fight recklessly!
The kobold attacks as you move away! The kobold barely misses you.
The goblin closely misses you.
You see here a purple potion.
The kobold attacks as you move away! The kobold hits you with a +0 dagger.
* * * LOW HITPOINT WARNING * * *
The kobold attacks as you move away! The kobold hits you with a +0 dagger.
* * * LOW HITPOINT WARNING * * *
The goblin attacks as you move away! The goblin closely misses you.
The gnoll attacks as you move away! The gnoll misses you.
The goblin attacks as you move away! The goblin closely misses you.
You aren't carrying any potions.
As you read the scroll labelled LURPHOIJ GUOMER, it crumbles to dust.
Your body is wracked with pain!
* * * LOW HITPOINT WARNING * * *
The kobold convulses!
The goblin convulses!
The gnoll convulses!
It was a scroll of torment.
The kobold hits you with a +0 dagger.
You die...

.....?...#####+#####
......#.##.#.......).# .
............#.........#
......))†...#..⌠...⌠..#
............#.........###
........K@##.'....<....'.#
.......gg#####.........#..
$........# #..⌠...⌠..###
........## #.........#..
.....!..... #.........#.#
........... #####'######
.....#..### #..#
.......... #.## ......###.
#.#


You could see a gnoll, a goblin and a kobold.

Vanquished Creatures
  A bat (D:1)
  A giant cockroach (D:1)
  2 goblins (D:1)
  A hobgoblin (D:1)
  A quokka (D:1)
  4 ball pythons (D:1)
  A frilled lizard (D:1)
  A kobold (D:1)
12 creatures vanquished.

Notes
Turn   | Place    | Note
-------+----------+-------------------------------------------
     0 | D:1      | purpskrrrp the Kobold Brigand began the quest for the Orb.
     0 | D:1      | Reached XP level 1. HP: 12/12 MP: 1/1
   102 | D:1      | Reached XP level 2. HP: 17/18 MP: 2/2
   185 | D:1      | Slain by a kobold

Illustrated notes

Levels and vault maps discovered:
D:1:      mushboom_english_gardens, layout_rooms

Skill      XL: |  1 |
---------------+----+-----
Short Blades   | 3 |  3.2
Fighting       | |  2.4
Throwing       | |  2.2
Dodging        | |  1.6
Stealth        | |  5.5

Action                   || total
-------------------------++-------
Melee: Dagger            ||    35
Throw: Dart              ||     3
  Use: Scroll            ||     1
 Stab: Sleeping          ||     1
Armor: Robe              ||     7
Dodge: Dodged            ||    41

Table legend: (Time is in decaauts)
 A = Elapsed time spent in this place.
 B = Non-inter-level travel time spent in this place.
 C = Inter-level travel time spent in this place.
 D = Time resting spent in this place.
 E = Time spent auto-exploring this place.
 F = Levels seen in this place.
 G = Mean time per level.
                   A        B        C        D        E       F      G
               +--------+--------+--------+--------+--------+-----+--------+
         Total |    179 |    179 |      0 |      0 |    107 |   1 |  179.0 |
       Dungeon |    179 |    179 |      0 |      0 |    107 |   1 |  179.0 |
               +--------+--------+--------+--------+--------+-----+--------+

Top non-repeatable levels by time:
     D:1: 179 daAuts
